 Dungeon Crawl Stone Soup version 0.31.0-9-g3a7656b989 (webtiles) character file.

Game seed: 6161602571061162335

157 qw the Ducker (level 5, -1/26 HPs)
             Began as a Spriggan Hunter on Feb 2, 2024.
             Constricted to death by Ijyb (7 damage)
             ... on level 4 of the Dungeon.
             The game lasted 00:00:09 (2393 turns).

qw the Ducker (Spriggan Hunter)                     Turns: 2393, Time: 00:00:10

Health: -1/26      AC:  2    Str:  7    XL:     5   Next: 15%
Magic:  6/6        EV: 18    Int: 10    God:
Gold:   177        SH:  5    Dex: 21    Spells: 4/4 levels left

rFire   . . .        a - +0 shortbow
rCold   . . .        (shield currently unavailable)
rNeg    . . .        c - +0 robe
rPois   .            (helmet restricted)
rElec   .            (no cloak)
rCorr   .            (gloves unavailable)
SInv    +            (boots unavailable)
Will    .....        g - amulet of reflection
Stlth   ++           (no ring)
HPRegen 0.24/turn    (no ring)
MPRegen 0.10/turn

%: reflection
@: grasped by roots, constricted, very quick
A: very small, no large weapons, unfitting armour, see invisible, speed 3
a: no special abilities


You were on level 4 of the Dungeon.
You visited 1 branch of the dungeon, and saw 4 of its levels.

You collected 177 gold pieces.


Innate Abilities, Weirdness & Mutations

You are very small and have problems with some larger weapons.
You are too small for most types of armour.
You have supernaturally acute eyesight. (SInv)
You cover ground extremely quickly. (Speed+++)


   Skills:
 - Level 2.0 Fighting
 + Level 5.0 Ranged Weapons
 - Level 5.5 Dodging
 - Level 1.5 Stealth


You had 4 spell levels left.
You didn't know any spells.
Your spell library was empty.

Inventory:

Hand Weapons
 a - a +0 shortbow (weapon)
Armour
 c - a +0 robe (worn)
Jewellery
 g - an amulet of reflection (around neck)
Wands
 d - a wand of flame (22)
Scrolls
 e - 2 scrolls of identify
Potions
 b - 5 potions of curing

Dungeon Overview and Level Annotations

Branches:
Dungeon (4/15)
 Temple: D:4-7

Altars:

Annotations:
D:3 3 runed translucent doors, qw's ghost, amateur SpHu
D:4 Ijyb


Message History

Found a scroll of identify.
You shoot an arrow.
The arrow hits the kobold but does no damage.
The kobold shouts!
You shoot an arrow. The arrow misses the kobold.
You shoot an arrow. The arrow closely misses the kobold.
You shoot an arrow. The arrow hits the kobold!
You kill the kobold!
e - 2 scrolls of identify (gained 1)
You now have 165 gold pieces (gained 6).
Things that are here:
a +0 short sword; a kobold corpse
Found a stone staircase leading down.
You now have 177 gold pieces (gained 12).
An endoplasm comes into view.
You shoot an arrow. The endoplasm quivers.
The arrow hits the endoplasm.
You kill the endoplasm!
An endoplasm comes into view.
You shoot an arrow. The arrow hits the endoplasm!
You kill the endoplasm!
Ijyb the Twisted Goblin comes into view.
She is wielding a +0 club and carrying a wand of roots.
You shoot an arrow. The arrow closely misses Ijyb.
You shoot an arrow. The arrow hits Ijyb but does no damage.
You shoot an arrow. The arrow barely misses Ijyb.
You shoot an arrow. The arrow completely misses Ijyb.
You shoot an arrow. The arrow hits Ijyb.
Ijyb is lightly wounded.
Ijyb zaps a wand.
The roots erupt in riotous growth!
The grasping roots grab you! The grasping roots constrict you. x2
You shoot an arrow. The arrow hits Ijyb but does no damage.
Ijyb is lightly wounded.
Ijyb hits you with a +0 club. The grasping roots constrict you!
You shoot an arrow. The arrow hits Ijyb.
Ijyb is lightly wounded.
Ijyb screams, "Get away!"
Ijyb closely misses you. The grasping roots constrict you!
You die...

...# #..# #>.# ...##
#..# #..### # #...##..#
##..... #. #......#
##..#... #.. #.....#
##..###.. #..
#....###...##... #...
##...............
#....##...##...........
#....g@..####..........
........### #..........
.......## ##.....####
.####.# #...### #.
#.### ## #.#


You could see Ijyb.

Vanquished Creatures
  A howler monkey (D:3)
  A sleepcap (D:3)
  A ribbon worm (D:3)
  2 orcs (D:3)
  8 bats
  6 endoplasms
  8 giant cockroaches
  9 goblins
  5 hobgoblins
  7 jackals
  4 quokkas
  7 ball pythons
  2 frilled lizards (D:1)
  8 kobolds
  7 rats
76 creatures vanquished.

Notes
Turn   | Place    | Note
-------+----------+-------------------------------------------
     0 | D:1      | qw the Spriggan Hunter began the quest for the Orb.
     0 | D:1      | Reached XP level 1. HP: 10/10 MP: 2/2
     0 | D:1      | 0 ||| qw: Version: 0.3-a-155-g5e7d8dd
     0 | D:1      | 0 ||| qw: Game counter: 1076
     0 | D:1      | 0 ||| qw: Melee chars always use a shield: true
     0 | D:1      | 0 ||| qw: God list: Okawaru
     0 | D:1      | 0 ||| qw: Allow faded altars: false
     0 | D:1      | 0 ||| qw: Do Orc after clearing Dungeon:15 true
     0 | D:1      | 0 ||| qw: Do second Lair branch before Depths: true
     0 | D:1      | 0 ||| qw: Lair rune preference: random
     0 | D:1      | 0 ||| qw: Goals: Normal
     0 | D:1      | 0 ||| PLANNING D:1-11
    50 | D:1      | Reached skill level 3 in Dodging
   127 | D:1      | Reached XP level 2. HP: 14/14 MP: 3/3
   386 | D:1      | Reached XP level 3. HP: 18/18 MP: 4/4
   489 | D:1      | 489 ||| UPGRADING to amulet of reflection.
   494 | D:1      | 494 ||| READING scroll labelled ABBUTE YMOETOH.
   495 | D:1      | 495 ||| READING scroll labelled RUPIXO NYIT.
   495 | D:1      | 495 ||| IDENTIFYING clear potion
   496 | D:1      | 496 ||| DROPPING scroll of butterflies.
   497 | D:1      | 497 ||| DROPPING potion of degeneration.
   632 | D:2      | Found a faded altar of an unknown god.
  1193 | D:2      | 1193 ||| READING 3 scrolls of identify.
  1193 | D:2      | 1193 ||| IDENTIFYING 3 bubbling green potions
  1194 | D:2      | 1194 ||| READING 2 scrolls of identify.
  1194 | D:2      | 1194 ||| IDENTIFYING scroll labelled VAJYETTUOL
  1195 | D:2      | 1195 ||| READING scroll of identify.
  1195 | D:2      | 1195 ||| IDENTIFYING scroll labelled TUEFRU ZILLA
  1196 | D:2      | 1196 ||| READING scroll labelled NEAXKECUUK.
  1197 | D:2      | 1197 ||| DROPPING scroll of blinking.
  1198 | D:2      | 1198 ||| DROPPING scroll of vulnerability.
  1226 | D:3      | HP: 2/18 [frozen (5)]
  1231 | D:3      | 1231 ||| FLEEEEING.
  1279 | D:3      | 1279 ||| FLEEEEING.
  1280 | D:3      | 1280 ||| FLEEEEING.
  1281 | D:3      | 1281 ||| FLEEEEING.
  1282 | D:3      | 1282 ||| FLEEEEING.
  1366 | D:3      | Reached XP level 4. HP: 14/22 MP: 5/5
  1681 | D:3      | Reached XP level 5. HP: 26/26 MP: 6/6
  1826 | D:3      | Found a runed translucent gate.
  1826 | D:3      | Found a runed translucent gate.
  1826 | D:3      | Found a runed translucent gate.
  1826 | D:3      | Noticed qw's ghost (amateur SpHu)
  2184 | D:3      | 2184 ||| READING scroll labelled HIMIAKHL YHALEH.
  2386 | D:4      | Noticed Ijyb
  2392 | D:4      | HP: 6/26 [constriction (7)]
  2393 | D:4      | Constricted to death by Ijyb

Levels and vault maps discovered:
D:1:      saegor_arrival_fortress, layout_rooms
D:2:      layout_basic, hellmonk_ecumenical_altar_blasted
D:3:      layout_loops_ring, gammafunk_ghost_nasty_kobolds,
          minmay_increasing_density
D:4:      layout_layer_cave, uniq_ijyb

Skill      XL: |  1  2  3  4  5 |
---------------+----------------+-----
Dodging        | 3 4 5 |  5.5
Ranged Weapons | 5 |  5.0
Fighting       | 2 |  2.0
Stealth        | |  1.5

Action                     |  1- 3 |  4- 6 || total
---------------------------+-------+-------++-------
   Fire: Shortbow          |   145 |    79 ||   224
    Use: Scroll            |     6 |     1 ||     7
 Armour: Robe              |    13 |     6 ||    19
  Dodge: Dodged            |    46 |    15 ||    61
  Block: Other             |     2 |     5 ||     7

Table legend:
 A = Non-vault XP
 B = Vault XP
 C = Vault XP percentage of total XP
 D = Non-vault monster count
 E = Vault monster count
 F = Vault count percentage of total count
                 A         B        C        D         E       F
            +---------+---------+-------+---------+---------+-------
      Total |     211 |      14 |   6.2 |      70 |       6 |   7.9
            +---------+---------+-------+---------+---------+-------
        D:1 |      41 |       0 |   0.0 |      24 |       0 |   0.0
        D:2 |      32 |       0 |   0.0 |      19 |       0 |   0.0
        D:3 |     131 |      14 |   9.7 |      23 |       6 |  20.7
        D:4 |       7 |       0 |   0.0 |       4 |       0 |   0.0
            +---------+---------+-------+---------+---------+-------
